EVO
FRESNO STATE UNIVERSITY BULLDOGS @ UNIVERSITY OF TORONTO MARLIES
07/20/2048
 
TOP OF THE 1ST
Southern Maryland Blue Crabs batting - Pitching for Winnipeg Goldeyes : LHP Jon Lizarraga
Pitching: LHP Jon Lizarraga
Batting: RHB Kevin Popowicz 0-0: Ball
1-0: Called Strike
1-1: Ball
2-1: Ball
3-1: Base on Balls
Batting: RHB Alfredo Reguera 0-0: Foul Ball, location: 2F
0-1: Grounds into double play, 4-6-3 (Groundball, 34, EV 89.4 MPH)
Batting: RHB Maup Gommers 0-0: Ball
1-0: Ball
2-0: Ball
3-0: Base on Balls
Batting: RHB Jonathan Mendoza 0-0: Foul Ball, location: 2F
0-1: Ball
1-1: 2-RUN HOME RUN (Flyball, 78XD, EV 116.2 MPH), Distance : 451 ft
Batting: LHB Xue-liang Zhou 0-0: Ball
1-0: Foul Ball, location: 2F
1-1: SINGLE (Line Drive, 4MD, EV 97.5 MPH)
Batting: RHB Minoru Matsumoto 0-0: Ball
1-0: 2-RUN HOME RUN (Flyball, 7D, EV 99.4 MPH), Distance : 394 ft
Batting: RHB Ruben Domingues 0-0: Ground out 6-3 (Groundball, 6, EV 89.4 MPH)
Top of the 1st over - 4 runs, 3 hits, 0 errors, 0 left on base; Southern Maryland 4 - Winnipeg 0
BOTTOM OF THE 1ST
Winnipeg Goldeyes batting - Pitching for Southern Maryland Blue Crabs : RHP Xavier Martin
Pitching: RHP Xavier Martin
Batting: RHB Caleb Bockmann 0-0: Ball
1-0: Called Strike
1-1: Ball
2-1: Foul Ball, location: 2F
2-2: Ball
3-2: Fly out, F4 (Popup, 4M, EV 62.5 MPH)
Batting: LHB Jon Ventura 0-0: Ball
1-0: Called Strike
1-1: Ball
2-1: Ball
3-1: Called Strike
3-2: Foul Ball, location: 2F
3-2: Base on Balls
Batting: RHB Tim Carter 0-0: Ball
Jon Ventura is caught stealing 2nd base 2-4
1-0: Called Strike
1-1: Ball
2-1: Ball
3-1: Called Strike
3-2: Foul Ball, location: 2F
3-2: Fly out, F8 (Flyball, 78M, EV 96.2 MPH)
Bottom of the 1st over - 0 runs, 0 hits, 0 errors, 0 left on base; Southern Maryland 4 - Winnipeg 0
TOP OF THE 2ND
Southern Maryland Blue Crabs batting - Pitching for Winnipeg Goldeyes : LHP Jon Lizarraga
Batting: RHB Simon Van Steenwyk 0-0: Foul Ball, location: 2F
0-1: Foul Ball, location: 2F
0-2: Strikes out swinging
Batting: RHB Eddie Morin 0-0: Called Strike
0-1: Ball
1-1: Called Strike
1-2: SINGLE (Groundball, 5D, EV 103.1 MPH)
Batting: RHB Kevin Popowicz 0-0: Foul Ball, location: 2F
0-1: Ball
1-1: Ball
2-1: 2-RUN HOME RUN (Flyball, 7D, EV 96.9 MPH), Distance : 393 ft
Pitching: LHP Willie Jimenez
Batting: RHB Alfredo Reguera 0-0: Swinging Strike
0-1: Called Strike
0-2: Fly out, F7 (Flyball, 78M, EV 85.0 MPH)
Batting: RHB Maup Gommers 0-0: Called Strike
0-1: Ball
1-1: SINGLE (Line Drive, 3D, EV 100.6 MPH)
Batting: RHB Jonathan Mendoza 0-0: Ball
1-0: Ball
2-0: Swinging Strike
2-1: Ball
3-1: Base on Balls
Maup Gommers to second
Batting: LHB Xue-liang Zhou 0-0: SINGLE (Line Drive, 34D, EV 100.0 MPH)
Maup Gommers to third
Jonathan Mendoza to second
Batting: RHB Minoru Matsumoto 0-0: Fly out, F9 (Flyball, 9, EV 90.0 MPH)
Top of the 2nd over - 2 runs, 4 hits, 0 errors, 3 left on base; Southern Maryland 6 - Winnipeg 0
BOTTOM OF THE 2ND
Winnipeg Goldeyes batting - Pitching for Southern Maryland Blue Crabs : RHP Xavier Martin
Batting: LHB Marshall Daul 0-0: Ball
1-0: Ball
2-0: Called Strike
2-1: Ball
3-1: Called Strike
3-2: Foul Ball, location: 2F
3-2: Base on Balls
Batting: RHB Sergio Gomez 0-0: Swinging Strike
0-1: Ball
1-1: Foul Ball, location: 2F
1-2: Foul Ball, location: 2F
1-2: Strikes out swinging
Batting: LHB David Ramos 0-0: Ball
Marshall Daul steals 2nd base
1-0: Ball
2-0: Called Strike
2-1: Ball
3-1: Foul Ball, location: 2F
3-2: Base on Balls
Batting: RHB Terry Oetker 0-0: Foul Ball, location: 2F
0-1: Swinging Strike
0-2: Foul Ball, location: 2F
0-2: Ball
1-2: Fly out, F7 (Line Drive, 7S, EV 98.1 MPH)
Batting: RHB Nestor Moreno 0-0: Fly out, F7 (Flyball, 7LS, EV 89.4 MPH)
Bottom of the 2nd over - 0 runs, 0 hits, 0 errors, 2 left on base; Southern Maryland 6 - Winnipeg 0
TOP OF THE 3RD
Southern Maryland Blue Crabs batting - Pitching for Winnipeg Goldeyes : LHP Willie Jimenez
Batting: RHB Ruben Domingues 0-0: Ball
1-0: Called Strike
1-1: Called Strike
1-2: Ball
2-2: Strikes out swinging
Batting: RHB Simon Van Steenwyk 0-0: Ball
1-0: Ball
2-0: Ball
3-0: Called Strike
3-1: Foul Ball, location: 2F
3-2: Foul Ball, location: 2F
3-2: Foul Ball, location: 2F
3-2: Foul Ball, location: 2F
3-2: Foul Ball, location: 2F
3-2: Base on Balls
Batting: RHB Eddie Morin 0-0: Foul Ball, location: 2F
0-1: Foul Ball, location: 2F
0-2: Hit by Pitch
Simon Van Steenwyk to second
Batting: RHB Kevin Popowicz 0-0: Called Strike
0-1: Ball
1-1: Called Strike
1-2: Ball
2-2: Strikes out looking
Batting: RHB Alfredo Reguera 0-0: Ball
1-0: Ball
2-0: Ball
3-0: Base on Balls
Simon Van Steenwyk to third
Eddie Morin to second
Batting: RHB Maup Gommers 0-0: Ball
1-0: Called Strike
1-1: Swinging Strike
1-2: Strikes out swinging
Top of the 3rd over - 0 runs, 0 hits, 0 errors, 3 left on base; Southern Maryland 6 - Winnipeg 0
BOTTOM OF THE 3RD
Winnipeg Goldeyes batting - Pitching for Southern Maryland Blue Crabs : RHP Xavier Martin
Batting: RHB Hisao Takei 0-0: Ball
1-0: Ball
2-0: Ball
3-0: Base on Balls
Batting: RHB Caleb Bockmann 0-0: Ball
1-0: Called Strike
Hisao Takei is caught stealing 2nd base 2-4
1-1: Foul Ball, location: 2F
1-2: Foul Ball, location: 2F
1-2: Ball
2-2: Ball
3-2: Foul Ball, location: 2F
3-2: Base on Balls
Batting: LHB Jon Ventura 0-0: Swinging Strike
0-1: Foul Ball, location: 2F
0-2: Foul Ball, location: 2F
0-2: Ball
1-2: Ground out 4-3 (Groundball, 13, EV 88.1 MPH)
Caleb Bockmann to second
Batting: RHB Tim Carter 0-0: Ball
1-0: Ball
2-0: Ground out 6-3 (Groundball, 56D, EV 86.9 MPH)
Bottom of the 3rd over - 0 runs, 0 hits, 0 errors, 1 left on base; Southern Maryland 6 - Winnipeg 0
TOP OF THE 4TH
Southern Maryland Blue Crabs batting - Pitching for Winnipeg Goldeyes : LHP Willie Jimenez
Batting: RHB Jonathan Mendoza 0-0: Ball
1-0: Foul Ball, location: 2F
1-1: Foul Ball, location: 2F
1-2: Foul Ball, location: 2F
1-2: Ball
2-2: Ball
3-2: Ground out 6-3 (Groundball, 6, EV 85.6 MPH)
Batting: LHB Xue-liang Zhou 0-0: Called Strike
0-1: Called Strike
0-2: Ball
1-2: Strikes out swinging, 2-3 out at first.
Batting: RHB Minoru Matsumoto 0-0: Foul Ball, location: 2F
0-1: Foul Ball, location: 2F
0-2: Ball
1-2: Ball
2-2: Ball
3-2: Strikes out swinging
Top of the 4th over - 0 runs, 0 hits, 0 errors, 0 left on base; Southern Maryland 6 - Winnipeg 0
BOTTOM OF THE 4TH
Winnipeg Goldeyes batting - Pitching for Southern Maryland Blue Crabs : RHP Xavier Martin
Batting: LHB Marshall Daul 0-0: Called Strike
0-1: Ball
1-1: SINGLE (Groundball, 4MD, EV 99.4 MPH)
Batting: RHB Sergio Gomez 0-0: Called Strike
Marshall Daul steals 2nd base
0-1: Ball
1-1: Ground out 6-3 (Groundball, 6, EV 83.8 MPH)
Marshall Daul to third
Batting: LHB David Ramos 0-0: Foul Ball, location: 2F
0-1: Foul Ball, location: 2F
0-2: Strikes out swinging
Batting: RHB Terry Oetker 0-0: Ball
1-0: Ball
2-0: Ball
3-0: Called Strike
3-1: Fly out, F8 (Flyball, 8LD, EV 96.2 MPH)
Bottom of the 4th over - 0 runs, 1 hit, 0 errors, 1 left on base; Southern Maryland 6 - Winnipeg 0
TOP OF THE 5TH
Southern Maryland Blue Crabs batting - Pitching for Winnipeg Goldeyes : LHP Willie Jimenez
Pitching: RHP Gary Triska
Batting: RHB Ruben Domingues 0-0: DOUBLE (Line Drive, 9LM, EV 94.4 MPH)
Batting: RHB Simon Van Steenwyk 0-0: Ball
1-0: Ball
2-0: Ball
3-0: Base on Balls
Batting: RHB Eddie Morin 0-0: Ball
1-0: Ball
2-0: Swinging Strike
2-1: Fielders Choice at 2nd, 5-4 (Groundball, 56, EV 105.6 MPH)
Ruben Domingues to third
Batting: RHB Kevin Popowicz 0-0: Called Strike
Eddie Morin steals 2nd base
0-1: Ball
1-1: Ball
2-1: Called Strike
2-2: Ball
3-2: Foul Ball, location: 2F
3-2: Base on Balls
Batting: RHB Alfredo Reguera 0-0: Ball
1-0: Foul Ball, location: 2F
1-1: Called Strike
1-2: Ball
2-2: Ball
3-2: Foul Ball, location: 2F
3-2: Fly out, F8 (Flyball, 8LD, EV 86.2 MPH)
Runner from 3rd tags up, SCORES, throw by CF
Batting: RHB Maup Gommers 0-0: Ball
1-0: Ball
2-0: Called Strike
2-1: Fly out, F9 (Flyball, 9LD, EV 84.4 MPH)
Top of the 5th over - 1 run, 1 hit, 0 errors, 2 left on base; Southern Maryland 7 - Winnipeg 0
BOTTOM OF THE 5TH
Winnipeg Goldeyes batting - Pitching for Southern Maryland Blue Crabs : RHP Xavier Martin
Batting: RHB Nestor Moreno 0-0: Fly out, F7 (Flyball, 7S, EV 93.1 MPH)
Batting: RHB Hisao Takei 0-0: Foul Ball, location: 2F
0-1: Swinging Strike
0-2: Fly out, F7 (Flyball, 7, EV 87.5 MPH)
Batting: RHB Caleb Bockmann 0-0: Ball
1-0: Ball
2-0: DOUBLE (Line Drive, 7LS, EV 95.0 MPH)
Batting: LHB Jon Ventura 0-0: Foul Ball, location: 2F
0-1: SINGLE (Line Drive, 78S, EV 87.5 MPH)
Caleb Bockmann to third
Runner from 3rd tries for Home, throw by LF and OUT! 7-2
Bottom of the 5th over - 0 runs, 2 hits, 0 errors, 1 left on base; Southern Maryland 7 - Winnipeg 0
TOP OF THE 6TH
Southern Maryland Blue Crabs batting - Pitching for Winnipeg Goldeyes : RHP Gary Triska
Batting: RHB Jonathan Mendoza 0-0: Called Strike
0-1: Called Strike
0-2: Foul Ball, location: 2F
0-2: Strikes out swinging
Batting: LHB Xue-liang Zhou 0-0: Ball
1-0: Called Strike
1-1: Ball
2-1: Foul Ball, location: 2F
2-2: Ball
3-2: Foul Ball, location: 2F
3-2: Foul Ball, location: 2F
3-2: Base on Balls
Pitching: RHP Andrew Rich
Batting: RHB Minoru Matsumoto 0-0: Ball
1-0: SINGLE (Groundball, 56D, EV 100.6 MPH)
Xue-liang Zhou to second
Batting: RHB Ruben Domingues 0-0: Swinging Strike
0-1: Called Strike
0-2: Foul Ball, location: 2F
0-2: Strikes out looking
Batting: RHB Simon Van Steenwyk 0-0: Called Strike
0-1: Swinging Strike
0-2: Ball
1-2: Strikes out swinging
Top of the 6th over - 0 runs, 1 hit, 0 errors, 2 left on base; Southern Maryland 7 - Winnipeg 0
BOTTOM OF THE 6TH
Winnipeg Goldeyes batting - Pitching for Southern Maryland Blue Crabs : RHP Xavier Martin
Batting: RHB Tim Carter 0-0: Ball
1-0: Ground out 6-3 (Groundball, 6, EV 84.4 MPH)
Batting: LHB Marshall Daul 0-0: Ball
1-0: Foul Ball, location: 2F
1-1: Fly out, F7 (Flyball, 7S, EV 89.4 MPH)
Batting: RHB Sergio Gomez 0-0: Ball
1-0: Called Strike
1-1: Swinging Strike
1-2: Fly out, F3 (Popup, 3S, EV 73.8 MPH)
Bottom of the 6th over - 0 runs, 0 hits, 0 errors, 0 left on base; Southern Maryland 7 - Winnipeg 0
TOP OF THE 7TH
Southern Maryland Blue Crabs batting - Pitching for Winnipeg Goldeyes : RHP Andrew Rich
Batting: RHB Eddie Morin 0-0: Called Strike
0-1: Foul Ball, location: 2F
0-2: Ball
1-2: Strikes out swinging
Batting: RHB Kevin Popowicz 0-0: Foul Ball, location: 2F
0-1: Ball
1-1: Ball
2-1: Called Strike
2-2: Foul Ball, location: 2F
2-2: Strikes out swinging
Batting: RHB Alfredo Reguera 0-0: Foul Ball, location: 2F
0-1: Fly out, F9 (Flyball, 9, EV 82.5 MPH)
Top of the 7th over - 0 runs, 0 hits, 0 errors, 0 left on base; Southern Maryland 7 - Winnipeg 0
BOTTOM OF THE 7TH
Winnipeg Goldeyes batting - Pitching for Southern Maryland Blue Crabs : RHP Xavier Martin
Pitching: LHP Ryan Watkins
Batting: LHB David Ramos 0-0: Called Strike
0-1: SOLO HOME RUN (Flyball, 9LD, EV 95.0 MPH), Distance : 333 ft
Batting: RHB Terry Oetker 0-0: Called Strike
0-1: Called Strike
0-2: Foul Ball, location: 2F
0-2: Strikes out swinging
Batting: RHB Nestor Moreno 0-0: Ball
1-0: Called Strike
1-1: Swinging Strike
1-2: Ball
2-2: Ball
3-2: Strikes out looking
Batting: RHB Hisao Takei 0-0: Swinging Strike
0-1: Foul Ball, location: 2F
0-2: Strikes out swinging
Bottom of the 7th over - 1 run, 1 hit, 0 errors, 0 left on base; Southern Maryland 7 - Winnipeg 1
TOP OF THE 8TH
Southern Maryland Blue Crabs batting - Pitching for Winnipeg Goldeyes : RHP Andrew Rich
Batting: RHB Maup Gommers 0-0: Ball
1-0: Foul Ball, location: 2F
1-1: SINGLE (Groundball, 4MD, EV 100.6 MPH)
Batting: RHB Jonathan Mendoza 0-0: Ball
1-0: Ball
2-0: Grounds into double play, 6-4-3 (Groundball, 6, EV 91.2 MPH)
Batting: LHB Xue-liang Zhou 0-0: Called Strike
0-1: Ball
1-1: Ball
2-1: Called Strike
2-2: Strikes out swinging
Top of the 8th over - 0 runs, 1 hit, 0 errors, 0 left on base; Southern Maryland 7 - Winnipeg 1
BOTTOM OF THE 8TH
Winnipeg Goldeyes batting - Pitching for Southern Maryland Blue Crabs : LHP Ryan Watkins
Batting: RHB Caleb Bockmann 0-0: Swinging Strike
0-1: Ball
1-1: Ball
2-1: Foul Ball, location: 2F
2-2: Foul Ball, location: 2F
2-2: Fly out, F8 (Line Drive, 8LS, EV 91.9 MPH)
Batting: LHB Jon Ventura 0-0: Called Strike
0-1: Foul Ball, location: 2F
0-2: Fly out, F7 (Flyball, 78M, EV 88.8 MPH)
Batting: RHB Tim Carter 0-0: Called Strike
0-1: Foul Ball, location: 2F
0-2: Foul Ball, location: 2F
0-2: Strikes out swinging
Bottom of the 8th over - 0 runs, 0 hits, 0 errors, 0 left on base; Southern Maryland 7 - Winnipeg 1
TOP OF THE 9TH
Southern Maryland Blue Crabs batting - Pitching for Winnipeg Goldeyes : RHP Andrew Rich
Batting: RHB Minoru Matsumoto 0-0: Ball
1-0: Called Strike
1-1: Swinging Strike
1-2: Fly out, F8 (Line Drive, 89M, EV 90.6 MPH)
Batting: RHB Ruben Domingues 0-0: Ball
1-0: Foul Ball, location: 2F
1-1: Called Strike
1-2: Foul Ball, location: 2F
1-2: Strikes out looking
Batting: RHB Simon Van Steenwyk 0-0: Ball
1-0: Called Strike
1-1: Ball
2-1: SINGLE (Flyball, 8LS, EV 91.2 MPH)
Pinch Hitting: LHB Pat Fontana 0-0: Called Strike
0-1: Ball
1-1: Swinging Strike
1-2: Strikes out swinging
Top of the 9th over - 0 runs, 1 hit, 0 errors, 1 left on base; Southern Maryland 7 - Winnipeg 1
BOTTOM OF THE 9TH
Winnipeg Goldeyes batting - Pitching for Southern Maryland Blue Crabs : LHP Ryan Watkins
Now at SS: Ivan Alvarez
Batting: LHB Marshall Daul 0-0: Foul Ball, location: 2F
0-1: Ground out 6-3 (Groundball, 6, EV 111.2 MPH)
Batting: RHB Sergio Gomez 0-0: Called Strike
0-1: SINGLE (Line Drive, 4D, EV 94.4 MPH)
Batting: LHB David Ramos 0-0: Ball
1-0: SINGLE (Line Drive, 56D, EV 95.6 MPH)
Sergio Gomez to second
Pitching: RHP Harold Price
Batting: LHB Shaun Price 0-0: Ball
1-0: Ball
2-0: Called Strike
2-1: Ball
3-1: Base on Balls
Sergio Gomez to third
David Ramos to second
Pinch Hitting: LHB Yasutoshi Hayashi 0-0: Ball
1-0: Ball
2-0: Called Strike
2-1: Ball
3-1: Called Strike
3-2: Base on Balls
Sergio Gomez scores
David Ramos to third
Shaun Price to second
Pinch Hitting: LHB George Roben 0-0: Called Strike
0-1: Swinging Strike
0-2: Ball
1-2: Strikes out swinging
Batting: RHB Caleb Bockmann 0-0: Ball
Passed Ball!
David Ramos scores
Shaun Price to third
Yasutoshi Hayashi to second
1-0: Foul Ball, location: 2F
1-1: Foul Ball, location: 2F
1-2: Fly out, F9 (Flyball, 89D, EV 88.8 MPH)
Bottom of the 9th over - 2 runs, 2 hits, 0 errors, 2 left on base; Southern Maryland 7 - Winnipeg 3
Tuesday, March 28th , 2023 - OOTP Baseball 23.10 Build 110